 Dungeon Crawl Stone Soup version 0.26-a0-540-g8a0c9464d7 (webtiles) character file.

Game seed: 11017376476698645079

170833 Mesmaeker13 the Convoker (level 17, -7/132 HPs)
             Began as a Yellow Draconian Summoner on Aug 18, 2020.
             Was a High Priest of Ashenzari.
             Mangled by Agnes
             ... wielding a +0 lajatang
              (16 damage)
             ... on level 4 of the Spider Nest.
             The game lasted 02:12:24 (51932 turns).

Mesmaeker13 the Convoker (DrSu)                    Turns: 51932, Time: 02:12:25

Health: -7/132     AC: 21    Str: 15    XL:     17   Next: 13%
Magic:  40/48      EV: 14    Int: 27    God:    Ashenzari [*****.]
Gold:   520        SH:  0    Dex: 11    Spells: 10/32 levels left

rFire    . . .     SeeInvis +   x - +8 autumn katana {vorpal, Clar} (curse)
rCold    . . .     Faith    .   N - +1 buckler {AC+3}
rNeg     + . .     Spirit   .   (armour unavailable)
rPois    .         Reflect  .   m - +3 hat of Pondering {ponderous, MR+ MP+10 Int+5}
rElec    +         Harm     .   q - +1 cloak
rCorr    +         Clarity  +   p - +0 pair of gloves (curse)
MR       +++..                  C - +2 pair of boots {Stlth+}
Stlth    +++.......             S - amulet of the Air {Inacc +Fly rElec EV+5 RMsl}
HPRegen  0.32/turn              M - ring of Kikhlohiah {rElec MR+ SInv}
MPRegen  0.31/turn              f - ring "Juis" {rN+ MP+9 Str+3} (curse)

@: held, slowed, repel missiles, very slow
A: spit acid, unfitting armour, acidic bite, cold-blooded, acid resistance, AC
+9
}: 1/15 runes: barnacled
a: Breathe Acid, Curse Item, Scrying, Transfer Knowledge, Renounce Religion,
Evoke Flight


You were on level 4 of the Spider Nest.
You worshipped Ashenzari.
Ashenzari was extremely pleased with you.
You visited 5 branches of the dungeon, and saw 31 of its levels.

You collected 3820 gold pieces.
You spent 3300 gold pieces at shops.

Inventory:

Hand Weapons
 x - the cursed +8 autumn katana (weapon) {vorpal, Clar}
   (You found it on level 5 of the Dungeon)

   It inflicts extra damage upon your enemies.
   It protects you against confusion.
   It has a curse placed upon it.
 U - a +4 demon trident of flaming
Missiles
 g - 6 curare-tipped darts
 y - 9 throwing nets (quivered)
Armour
 i - a +0 kite shield
 m - the +3 hat of Pondering (worn) {ponderous, MR+ MP+10 Int+5}
   (You took it off Gastronok on level 3 of the Lair of Beasts)

   It affects your intelligence (+5).
   It affects your resistance to hostile enchantments.
   It affects your magic capacity (+10).
 p - a cursed +0 pair of gloves (worn)
 q - a +1 cloak (worn)
 s - a +2 hat
 C - a +2 pair of boots of stealth (worn)
 N - a +1 buckler of protection (worn)
Jewellery
 f - the cursed ring "Juis" (right hand) {rN+ MP+9 Str+3}
   (You acquired it on level 2 of the Lair of Beasts)

   [ring of magical power]

   It affects your strength (+3).
   It protects you from negative energy.
   It affects your magic capacity (+9).
   It has a curse placed upon it.
 z - the cursed ring "Koimp" {rF+ Stlth+}
   (You acquired it on level 15 of the Dungeon)

   [ring of protection from fire]

   It protects you from fire.
   It makes you more stealthy.
   It has a curse placed upon it.
 M - the ring of Kikhlohiah (left hand) {rElec MR+ SInv}
   (You bought it in a shop on level 2 of the Orcish Mines)

   [ring of protection from magic]

   It insulates you from electricity.
   It affects your resistance to hostile enchantments.
   It lets you see invisible.
 S - the amulet of the Air (around neck) {Inacc +Fly rElec EV+5 RMsl}
   (You bought it in a shop on level 5 of the Dungeon)

   [amulet of inaccuracy]

   It reduces the accuracy of all your attacks.
   It affects your evasion (+5).
   It insulates you from electricity.
   It lets you fly.
   It protects you from missiles.
 T - the ring "Beonuil" {Fire Int+2 Dex-2 Stlth+}
   (You found it on level 2 of the Lair of Beasts)

   [ring of fire]

   It enhances your fire magic.
   It affects your intelligence (+2).
   It affects your dexterity (-2).
   It protects you from fire.
   It makes you vulnerable to cold.
   It makes you more stealthy.
Wands
 a - a wand of paralysis (7)
 d - a wand of digging (12)
 t - a wand of polymorph (9)
Scrolls
 h - 4 scrolls of enchant armour
 j - 10 scrolls of teleportation
 o - a scroll of amnesia
 r - 5 scrolls of identify
 u - 6 scrolls of fog
 L - 3 scrolls of noise
 P - 10 scrolls of remove curse
 R - a scroll of magic mapping
Potions
 b - 3 potions of haste
 c - a potion of resistance
 k - 4 potions of might
 n - a potion of mutation
 v - 9 potions of curing
 w - 3 potions of brilliance
 B - 3 potions of cancellation
 D - 2 potions of ambrosia
 E - 7 potions of flight
 F - a potion of experience
 I - 2 potions of berserk rage
 J - a potion of heal wounds
 Q - a potion of invisibility
Miscellaneous
 e - a lightning rod (4/4)
 l - a phial of floods
 A - a box of beasts (3/3)
 K - a tin of tremorstones (3/3)


   Skills:
 - Level 7.0 Fighting
 - Level 9.2(13.0) Long Blades
 - Level 10.5 Dodging
 - Level 1.7 Stealth
 + Level 10.9 Shields
 - Level 8.3 Spellcasting
 + Level 15.3 Summonings
 + Level 14.4 Translocations
 - Level 6.3 Ice Magic
 - Level 8.8 Air Magic


You had 10 spell levels left.
You knew the following spells:

 Your Spells              Type           Power        Failure   Level
a - Summon Ice Beast      Ice/Summ       ######..     1%          4
b - Malign Gateway        Summ/Tloc      #######...   10%         7
d - Summon Lightning Spi  Summ/Air       ######..     1%          4
e - Blink                 Tloc           N/A          1%          2
f - Summon Forest         Summ/Tloc      #######...   1%          5

Your spell library contained the following spells:

 Spells                   Type           Power        Failure   Level
 Apportation              Tloc           ######       0%          1
 Summon Small Mammal      Summ           ####         0%          1
 Call Imp                 Summ           #######.     0%          2
 Corpse Rot               Necr/Air       N/A          1%          2
 Ensorcelled Hibernation  Hex/Ice        ####..       1%          2
 Poisonous Vapours        Pois/Air       #####.       1%          2
 Call Canine Familiar     Summ           #######.     1%          3
 Gell's Gravitas          Tloc           ######....   1%          3
 Portal Projectile        Hex/Tloc       ######       1%          3
 Summon Guardian Golem    Hex/Summ       ######..     1%          3
 Summon Demon             Summ           #######...   1%          5
 Shadow Creatures         Summ           N/A          1%          6
 Animate Skeleton         Necr           ##....       4%          1
 Corona                   Hex            ##.....      4%          1
 Magic Dart               Conj           ##..         4%          1
 Mephitic Cloud           Conj/Pois/Air  ####....     4%          3
 Summon Mana Viper        Hex/Summ       ######..     6%          5
 Slow                     Hex            ##......     8%          2
 Sublimation of Blood     Necr           ##........   8%          2
 Summon Hydra             Summ           #######...   8%          7
 Ice Form                 Ice/Tmut       ####....     14%         4
 Confusing Touch          Hex            ##......     16%         3
 Conjure Flame            Conj/Fire      ##......     16%         3
 Dazzling Flash           Conj/Hex       ##....       16%         3
 Inner Flame              Hex/Fire       ##......     16%         3
 Tukima's Dance           Hex            ##......     16%         3
 Silence                  Hex/Air        #####.....   22%         5
 Metabolic Englaciation   Hex/Ice        ####......   36%         5
 Cause Fear               Hex            ##........   45%         4
 Dispel Undead            Necr           ##......     45%         4
 Fulminant Prism          Conj/Hex       ##........   45%         4
 Leda's Liquefaction      Hex/Erth       ##........   45%         4
 Petrify                  Tmut/Erth      ##......     45%         4
 Freezing Cloud           Conj/Ice/Air   #####.....   69%         6
 Conjure Ball Lightning   Conj/Air       #####.....   77%         6
 Agony                    Necr           ##......     80%         5
 Blade Hands              Tmut           ##........   80%         5
 Excruciating Wounds      Necr           ##........   80%         5
 Yara's Violent Unravell  Hex/Tmut       ##........   80%         5
 Eringya's Noxious Bog    Tmut/Pois      ##........   100%        6
 Dragon Form              Tmut           ##........   100%        7
 Tornado                  Air            ######....   100%        9


Dungeon Overview and Level Annotations

Branches:
Dungeon (15/15)            Temple (0/1) D:5            Lair (6/6) D:11
 Shoals (4/4) Lair:2       Spider (4/4) Lair:3        Slime (0/5) Lair:6
    Orc (2/2) D:12            Elf (0/3) Orc:2        Vaults (0/5) D:13
 Depths (0/5) D:15

Altars:
Ashenzari
Elyvilon
Gozag
Hepliaklqana
Kikubaaqudgha
Qazlal
Trog
Yredelemnul
Zin
Beogh

Shops:
D:5 :*(=   D:13 *   Orc:2 *[=(   Shoals:2 [   Shoals:3 =

Annotations:
Lair:6 exclusion: 4 oklob plants
Spider:4 2 exclusions, Agnes
Orc:1 2 transporters


Innate Abilities, Weirdness & Mutations

You can spit globs of acid.
Your golden yellow scales are hard. (AC +9)
You cannot fit into any form of body armour.
You have acidic saliva.
You are cold-blooded and may be slowed by cold attacks.
You are resistant to acid. (rCorr)


Message History

As you read the scroll of fear, it crumbles to dust.
You assume a fearsome visage.
Agnes resists with almost no effort.
Your lightning spire is unaffected.
The orb spider looks frightened!
The torpor snail easily resists.
The jumping spider looks frightened!
The jumping spider resists with some effort.
The wolf spider looks frightened! x2; The orb spider looks frightened!
Your lightning spire disappears in a puff of smoke!
Agnes hits you with a +0 lajatang! The jumping spider pounces on you.
You are caught in a web!
The jumping spider bites you but does no damage.
The jumping spider leaps!
Agnes hits you with a +0 lajatang!
The jumping spider leaps! x2
You struggle to detach yourself from the web.
Agnes hits you with a +0 lajatang!!
* * * LOW HITPOINT WARNING * * *
The torpor snail bites you.
* * * LOW HITPOINT WARNING * * *
Agnes hits you with a +0 lajatang!
You die...

#....^...........^...
##..^......^.........
#######.........),,,,,,,,,
#.^#.#.^.........,,,,,,,,,
#^................,,,,,,,,
###................,,,,,,,
###................,,,,,,,
#^...........^.....,,,,,,,
##...§..°@..sss....,^,,,,,
##^....wi.........,,,,,,,
##..†.......s....,,,,,,,
#...........s....,^,,,,,
###....†°........,,,,,,,
##.............,,,,,,,
#^..........^.,,,^,,,
##^.....^.^...,,,,,,,
#.......$.....,,,,,,,


You could see Agnes, a torpor snail, 2 wolf spiders, 2 orb spiders and a jumping
spider.

Vanquished Creatures
  An orc warlord (Orc:2)
  A merfolk impaler (Shoals:3)
  3 merfolk javelineers
  A merfolk avatar (Shoals:2)
  A hydra (Lair:6)
  A centaur warrior (D:14)
  An ogre mage (D:15)
  A merfolk aquamancer (Shoals:4)
  2 two-headed ogres (D:14)
  3 tengu warriors
  2 death yaks
  Sonja (Lair:6)
  Nergalle (D:10)
  6 skeletal warriors (D:15)
  A nameless horror (Shoals:4)
  9 sea snakes
  2 unseen horrors
  An orc knight (Orc:2)
  Pikel (D:8)
  2 orb spiders
  8 harpies
  5 fauns
  3 orc sorcerers
  13 wolf spiders
  3 cyclopes
  A deep elf mage (D:14)
  8 ugly things
  7 manticores
  A moth of wrath (shapeshifter) (D:15)
  A salamander (shapeshifter) (D:9)
  4 elephants
  Joseph (D:7)
  4 merfolk sirens
  2 black mambas
  A water nymph (Shoals:4)
  13 cane toads
  3 rime drakes
  3 demonic crawlers
  5 komodo dragons
  19 merfolk
  8 jumping spiders
  9 trolls
  A meliai (D:13)
  2 tyrant leeches (Lair:6)
  3 wind drakes
  23 blink frogs
  10 slime creatures
  A hippogriff (shapeshifter) (D:15)
  2 hornets
  7 dream sheep
  7 hippogriffs
  3 snapping turtles
  18 redbacks
  16 tarantellas
  3 wyverns
  A water elemental (Shoals:4)
  6 wraiths
  A shadow (D:12)
  25 yaks
  2 basilisks
  A steam dragon (D:11)
  A warg (Orc:2)
  8 vampire mosquitoes
  An acid dragon (D:15)
  A soldier ant (D:14)
  6 porcupines
  5 water moccasins
  5 ice beasts
  8 orc warriors
  3 sky beasts
  A necrophage (D:10)
  A black bear (D:9)
  A phantom (D:10)
  8 centaurs
  11 ogres
  3 boggarts (D:15)
  7 wolves
  11 crocodiles
  A big kobold (D:10)
  20 bullfrogs
  A wyvern skeleton (D:9)
  An elephant simulacrum (Lair:2)
  4 scorpions
  8 killer bees
  A wight (D:15)
  An electric eel (Spider:2)
  2 bullfrog zombies (D:11)
  5 centaur zombies
  9 orc priests
  2 jellies
  3 centaur skeletons
  Crazy Yiuf (D:7)
  2 hounds
  9 orc wizards
  Jessica (D:3)
  2 iguanas
  10 worker ants
  A killer bee zombie (D:7)
  2 worker ant zombies
  6 gnolls
  2 adders
  2 crocodile simulacra (Lair:2)
  3 white imps
  2 ufetubi
  2 oozes
  2 dart slugs (D:2)
  4 leopard geckos
  31 orcs
  4 giant cockroaches
  5 goblins
  3 hobgoblins
  17 jackals
  5 quokkas
  2 bats
  3 frilled lizards
  A gnoll zombie (D:2)
  A jackal zombie (D:7)
  A kobold (D:1)
  A rat (D:3)
  2 plants (Shoals:1)
561 creatures vanquished.

Vanquished Creatures (collateral kills)
  Jorgrun (Shoals:1)
  Gastronok (Lair:3)
  A fire giant (shapeshifter) (D:15)
  2 emperor scorpions
  An orc warlord (Orc:2)
  A ghost moth (Spider:2)
  2 entropy weavers
  3 merfolk javelineers
  The ghost of Ulumiabe the Cleaver, a journeyman OpBe of Trog (Lair:2)
  A rakshasa (D:15)
  9 merfolk impalers
  2 ice dragons
  8 hydras
  2 merfolk avatars
  3 two-headed ogres
  2 merfolk aquamancers (Shoals:4)
  A satyr (Shoals:3)
  A tengu warrior (D:15)
  5 death yaks
  Urug (Orc:2)
  An orc high priest (Orc:2)
  2 skeletal warriors (D:15)
  7 sea snakes
  10 harpies
  2 orc knights
  A nameless horror (Shoals:4)
  5 orb spiders
  A deep elf mage (D:13)
  2 oklob plants (Lair:6)
  5 wolf spiders
  2 cyclopes
  10 fauns
  9 ugly things
  10 manticores
  2 elephants (Lair:6)
  2 black mambas (Lair:5)
  5 merfolk sirens
  A torpor snail (Spider:3)
  3 water nymphs
  12 cane toads
  A gargoyle (D:12)
  A kobold demonologist (D:9)
  2 rime drakes (Lair:2)
  A komodo dragon (shapeshifter) (D:14)
  5 demonic crawlers
  4 komodo dragons
  13 jumping spiders
  28 merfolk
  A troll (shapeshifter) (Shoals:4)
  2 trolls
  2 meliai (D:13)
  A queen bee (D:9)
  3 tyrant leeches (Lair:6)
  4 wind drakes
  A polar bear (Lair:6)
  25 blink frogs
  14 dream sheep
  7 hippogriffs
  2 slime creatures (D:15)
  A hornet (Spider:3)
  3 snapping turtles
  A water elemental (Shoals:4)
  39 redbacks
  17 yaks
  A vampire (D:14)
  A wraith (D:10)
  9 tarantellas
  Grum (Lair:1)
  5 vampire mosquitoes
  A basilisk (Lair:1)
  Menkaure (D:7)
  A soldier ant (D:10)
  A hydra simulacrum (Lair:2)
  5 water moccasins
  A floating eye (shapeshifter) (D:13)
  2 porcupines
  13 orc warriors
  9 ogres
  7 wolves
  24 killer bees
  A boggart (D:15)
  A centaur (Shoals:4)
  2 lemures (D:8)
  7 crocodiles
  16 bullfrogs
  A scorpion (D:11)
  A water moccasin skeleton (D:9)
  3 wights (D:15)
  A rime drake simulacrum (Lair:2)
  2 centaur skeletons
  A hound (D:4)
  2 jellies
  A water moccasin simulacrum (Lair:2)
  A quasit (D:8)
  9 orc priests
  4 gnoll shamans (D:3)
  20 orc wizards
  Natasha (twice) (D:3)
  2 iguanas
  4 worker ants
  28 gnolls
  9 adders
  2 shadow imps (D:5)
  A worm (D:6)
  3 leopard geckos
  40 orcs
  3 giant cockroaches
  A gnoll zombie (D:2)
  4 goblins (D:2)
  3 hobgoblins
  12 jackals (D:3)
  5 kobolds
  2 leopard gecko skeletons
  A quokka zombie (D:5)
  2 rats
  8 fungi
  11 plants
616 creatures vanquished.

Vanquished Creatures (others)
  24 eldritch tentacles
  A sea snake (Shoals:4)
  A wolf spider (Spider:4)
  A tarantella (Spider:1)
  2 killer bees (D:11)
  A leopard gecko (D:11)
  A bush (D:8)
  26 fungi
  78 plants
  7 snaplasher vines
  A withered plant (D:9)
143 creatures vanquished.

Grand Total: 1320 creatures vanquished

Notes
Turn   | Place    | Note
-------+----------+-------------------------------------------
     0 | D:1      | Mesmaeker13 the Draconian Summoner began the quest for the
                  | Orb.
     0 | D:1      | Reached XP level 1. HP: 14/14 MP: 3/3
   640 | D:1      | Found a shattered altar of Ashenzari.
   651 | D:1      | Reached XP level 2. HP: 20/20 MP: 1/5
   658 | D:1      | Became a worshipper of Ashenzari the Shackled
  1475 | D:2      | Reached XP level 3. HP: 26/26 MP: 3/6
  1510 | D:2      | Learned a level 2 spell: Call Imp
  1645 | D:2      | HP: 1/26 [poisoned by an adder]
  2565 | D:2      | Reached XP level 4. HP: 30/33 MP: 5/8
  2603 | D:2      | Found a bloodstained altar of Trog.
  2782 | D:2      | Found a basalt altar of Yredelemnul.
  3043 | D:3      | Noticed Jessica
  3272 | D:3      | Noticed Natasha
  3335 | D:4      | Noticed an ogre
  3365 | D:3      | Killed Natasha
  3914 | D:4      | Reached XP level 5. HP: 35/38 MP: 2/9
  4147 | D:4      | Reached skill level 5 in Summonings
  4514 | D:4      | Learned a level 3 spell: Call Canine Familiar
  4589 | D:4      | Reached XP level 6. HP: 43/45 MP: 3/11
  4819 | D:4      | Reached * piety under Ashenzari
  5108 | D:5      | Entered Level 5 of the Dungeon
  5790 | D:3      | Noticed Natasha
  5799 | D:3      | Killed Natasha
  5878 | D:3      | Your scales start taking on a golden yellow colour.
  5878 | D:3      | Reached XP level 7. HP: 31/50 MP: 3/13
  5878 | D:3      | Gained mutation: You are resistant to acid. (rCorr) [Yellow
                  | Draconian growth]
  6168 | D:3      | Reached skill level 6 in Summonings
  6467 | D:3      | Killed Jessica
  7010 | D:6      | Learned a level 4 spell: Summon Ice Beast
  7084 | D:6      | Reached skill level 5 in Spellcasting
  7095 | D:6      | Reached skill level 5 in Dodging
  7302 | D:6      | Reached XP level 8. HP: 40/57 MP: 15/15
  7619 | D:6      | Found a hazy altar of Hepliaklqana.
  8254 | D:5      | Reached skill level 1 in Ice Magic
  8259 | D:5      | Reached skill level 7 in Summonings
  8448 | D:5      | Found a staircase to the Ecumenical Temple.
  8452 | D:5      | Found Foorelea's Assorted Antiques.
  8480 | D:5      | Bought a scroll labeled GOLIBE OMUEVYD for 26 gold pieces
  8511 | D:5      | Found Kydasol's Book Boutique.
  8519 | D:5      | Found the +8 autumn katana {vorpal, Clar}
  8969 | D:5      | Found Neowukhl Peis's Antique Weapon Shop.
  9038 | D:5      | Found Vogheec's Jewellery Shoppe.
  9047 | D:5      | Bought a +4 ring of protection for 396 gold pieces
  9291 | D:7      | Reached skill level 1 in Long Blades
  9347 | D:7      | Found a white marble altar of Elyvilon.
  9371 | D:7      | Noticed Joseph
  9618 | D:7      | Killed Joseph
  9618 | D:7      | Reached XP level 9. HP: 31/62 MP: 16/16
  9972 | D:7      | Found a stormy altar of Qazlal.
 10030 | D:7      | Found a runed translucent door.
 10031 | D:7      | Noticed Crazy Yiuf
 10080 | D:7      | Reached ** piety under Ashenzari
 10173 | D:7      | Reached skill level 8 in Summonings
 10392 | D:7      | Noticed Menkaure
 10408 | D:7      | Killed Menkaure
 10561 | D:7      | Found an opulent altar of Gozag.
 10826 | D:7      | Killed Crazy Yiuf
 11631 | D:8      | Noticed Pikel
 11646 | D:8      | Killed Pikel
 11998 | D:9      | Reached skill level 5 in Ice Magic
 12009 | D:9      | Learned a level 4 spell: Summon Lightning Spire
 12145 | D:9      | Noticed a troll
 12152 | D:9      | Killed a troll
 12152 | D:9      | Reached skill level 1 in Air Magic
 12474 | D:9      | Found an ancient bone altar of Kikubaaqudgha.
 12525 | D:8      | Reached XP level 10. HP: 44/69 MP: 9/17
 12694 | D:9      | Reached skill level 5 in Long Blades
 12717 | D:9      | Reached skill level 9 in Summonings
 13072 | D:9      | Noticed a manticore
 13083 | D:9      | Killed a manticore
 13110 | D:9      | Noticed a five-headed hydra
 13266 | D:9      | Killed a five-headed hydra
 13357 | D:9      | Found a glowing silver altar of Zin.
 13587 | D:9      | Noticed a salamander
 13595 | D:9      | Killed a salamander
 13955 | D:10     | Entered Level 10 of the Dungeon
 13989 | D:10     | Noticed Nergalle
 14000 | D:10     | Killed Nergalle
 14520 | D:10     | Noticed a two-headed ogre
 14547 | D:10     | Killed a two-headed ogre
 14547 | D:10     | Reached XP level 11. HP: 72/74 MP: 2/18
 14799 | D:10     | Reached skill level 5 in Air Magic
 15100 | D:10     | Reached skill level 10 in Summonings
 15499 | D:11     | Found a staircase to the Lair.
 16434 | D:11     | Reached XP level 12. HP: 81/81 MP: 19/19
 16743 | D:11     | Reached skill level 11 in Summonings
 16966 | Lair:1   | Entered Level 1 of the Lair of Beasts
 17234 | Lair:1   | Noticed Grum
 17242 | Lair:1   | Killed Grum
 17246 | Lair:1   | Reached *** piety under Ashenzari
 18013 | Lair:2   | Noticed an eight-headed hydra
 18020 | Lair:2   | Killed an eight-headed hydra
 18148 | Lair:2   | Noticed an ice dragon
 18152 | Lair:2   | Noticed Ulumiabe's ghost (journeyman OpBe)
 18155 | Lair:2   | Identified the ring "Beonuil" {Fire Int+2 Dex-2 Stlth+}
 18501 | Lair:2   | Identified a scroll of acquirement
 18501 | Lair:2   | Acquired the cursed ring "Juis" {rN+ MP+9 Str+3}
 18578 | Lair:2   | Found a staircase to the Shoals.
 18654 | Lair:2   | Found a runed translucent gate.
 18654 | Lair:2   | Found a runed translucent gate.
 18654 | Lair:2   | Found a runed translucent gate.
 18701 | Lair:2   | Learned a level 2 spell: Blink
 19168 | Lair:3   | Noticed a five-headed hydra
 19178 | Lair:3   | Killed a five-headed hydra
 19178 | Lair:3   | Reached skill level 1 in Translocations
 19530 | Lair:3   | Noticed Gastronok
 19559 | Lair:3   | Killed Gastronok
 19653 | Lair:3   | Reached XP level 13. HP: 74/86 MP: 14/20
 20361 | Lair:3   | Found a hole to the Spider Nest.
 21199 | Lair:4   | Reached skill level 5 in Translocations
 21252 | Lair:4   | Reached skill level 1 in Fighting
 21672 | Lair:4   | Identified the ring "Leca" {+Fly MR+ Int+2 Dex-2}
 21784 | Lair:4   | Reached **** piety under Ashenzari
 22031 | D:5      | Bought a book of Summonings for 840 gold pieces
 22038 | D:5      | Learned a level 5 spell: Summon Forest
 24758 | Lair:5   | Acquired the Disquisition on Summoning and Changing
 24782 | Lair:6   | Entered Level 6 of the Lair of Beasts
 24825 | Lair:5   | Reached skill level 5 in Fighting
 25828 | Lair:6   | Gained mutation: You have acidic saliva. [Yellow Draconian
                  | growth]
 25828 | Lair:6   | Reached XP level 14. HP: 78/110 MP: 7/23
 25889 | Lair:6   | Reached skill level 10 in Dodging
 25944 | Lair:6   | Noticed Sonja
 26238 | Lair:6   | Killed Sonja
 27398 | Lair:6   | Identified the Collected Works on Cloudy Bewitchment
 28110 | Lair:6   | Found a staircase to the Slime Pits.
 29280 | Lair:2   | Killed Ulumiabe's ghost
 30251 | D:12     | Found a staircase to the Orcish Mines.
 30818 | Orc:1    | Entered Level 1 of the Orcish Mines
 31070 | Orc:1    | Found a transporter.
 31070 | Orc:1    | Found a transporter.
 31101 | Orc:1    | Paralysed by an orc sorcerer for 3 turns
 31113 | Orc:1    | Reached skill level 1 in Shields
 31621 | Orc:1    | Reached ***** piety under Ashenzari
 31690 | Orc:1    | Identified the cursed +0 pair of gloves of Joviuski
                  | {Slay+2}
 31785 | Orc:1    | Noticed a stone giant
 31788 | Orc:1    | Found a roughly hewn altar of Beogh.
 31872 | Orc:2    | Entered Level 2 of the Orcish Mines
 32067 | Orc:2    | Reached skill level 12 in Summonings
 32126 | Orc:2    | Noticed an orc warlord
 32139 | Orc:2    | Killed an orc warlord
 32257 | Orc:2    | Found a staircase to the Elven Halls.
 32325 | Orc:2    | Noticed Urug
 32332 | Orc:2    | Killed Urug
 32343 | Orc:2    | Noticed an orc warlord
 32386 | Orc:2    | Killed an orc warlord
 32634 | Orc:2    | Found a roughly hewn altar of Beogh.
 32659 | Orc:2    | Found Geynuwem's Antique Armour Emporium.
 32702 | Orc:2    | Found Dury's General Store.
 32784 | Orc:2    | Found Wirph's Jewellery Emporium.
 33127 | Orc:2    | Found Jaraddul's Antique Weapon Emporium.
 33188 | Orc:2    | Bought a steaming spear for 232 gold pieces
 33188 | Orc:2    | Identified the +10 spear of Foanos {drain, MR+} (You bought
                  | it in a shop on level 2 of the Orcish Mines)
 33206 | Orc:2    | Bought a pair of embroidered boots for 255 gold pieces
 33227 | Orc:2    | Bought a potion of heal wounds for 75 gold pieces
 33248 | Orc:2    | Bought the ring of Kikhlohiah {rElec MR+ SInv} for 518 gold
                  | pieces
 33397 | Lair:1   | Learned a level 7 spell: Malign Gateway
 34301 | D:13     | Paralysed by a floating eye for 3 turns
 34699 | D:13     | Found Itarukid's Assorted Antiques.
 34948 | D:13     | Found a gate to the Vaults.
 35331 | D:14     | Reached XP level 15. HP: 103/118 MP: 27/27
 35719 | D:15     | Entered Level 15 of the Dungeon
 35758 | D:15     | Acquired the cursed ring "Koimp" {rF+ Stlth+}
 36066 | D:15     | Reached skill level 10 in Translocations
 36189 | D:15     | Reached skill level 5 in Shields
 36783 | D:15     | Reached skill level 13 in Summonings
 37392 | D:15     | Noticed a fire giant
 37400 | D:15     | Killed a fire giant
 38216 | D:15     | Found a staircase to the Depths.
 38573 | D:5      | Bought a scroll of magic mapping for 91 gold pieces
 38573 | D:5      | Bought a scroll of identify for 52 gold pieces
 38604 | D:5      | Bought the amulet of the Air {Inacc +Fly rElec EV+5 RMsl}
                  | for 523 gold pieces
 38604 | D:5      | Found the amulet of the Air {Inacc +Fly rElec EV+5 RMsl}
 38901 | Shoals:1 | Entered Level 1 of the Shoals
 39233 | Shoals:1 | Noticed Jorgrun
 39367 | Shoals:1 | Killed Jorgrun
 41043 | Shoals:2 | Found Udedar's Antique Armour Shop.
 41100 | Shoals:2 | Bought a shiny buckler for 292 gold pieces
 42283 | Shoals:3 | Reached XP level 16. HP: 100/126 MP: 28/28
 42571 | Shoals:3 | Reached skill level 14 in Summonings
 42894 | Shoals:3 | Found Heavecut's Jewellery Shop.
 43511 | Shoals:4 | Entered Level 4 of the Shoals
 43634 | Shoals:4 | Identified the amulet of Okawaru's Favour {Faith MR+}
 44080 | Shoals:4 | Identified the +10 long sword "Miruiph" {pain, +Rage}
 44804 | Shoals:4 | Noticed Ilsuiw
 44817 | Shoals:4 | Ilsuiw changed into Ilsuiw the shapeshifter
 44961 | Shoals:4 | Got a barnacled rune of Zot
 46061 | Shoals:4 | Identified Cozemp's Catalogue of Gliding Curses
 46307 | Spider:1 | Entered Level 1 of the Spider Nest
 47150 | Lair:3   | Reached skill level 10 in Shields
 48682 | Spider:2 | Reached skill level 15 in Summonings
 50535 | Spider:3 | Reached XP level 17. HP: 132/132 MP: 29/29
 51069 | Spider:4 | Entered Level 4 of the Spider Nest
 51069 | Spider:4 | Noticed Agnes
 51932 | Spider:4 | Mangled by Agnes

Illustrated notes

Levels and vault maps discovered:
D:1:      dpeg_arrival_tiny_j, layout_rooms, roderic_st_hans_cross,
          evilmike_ruin_ashenzari
D:2:      layout_rooms, nicolae_overflow_hidden_temple,
          lemuel_zombie_altar_yredelemnul, st_stairs_9,
          trog_three_pillars_becter
D:3:      lemuel_castle_with_subvaults [lemuel_castle_interior_carwin_2],
          layout_loops_ring, uniq_jessica, uniq_natasha
D:4:      layout_rooms, portal_sewer_entry_d
D:5:      layout_rooms, minmay_temple_entry_gardened_gates, serial_shops,
          nicolae_shop_stone, shop, nicolae_shop_overgrown_old_shop, shop,
          minivault_26, kennysheep_nondescript
D:6:      layout_loops_cross, lemuel_coloured_pillars_altar, minivault_23
D:7:      layout_basic, elyvilon_altar_5, kennysheep_mini, serial_corexii_hall,
          corexii_hall_statues_s, chequers_hall_statues_y,
          nicolae_gozag_cash_rules_everything_around_me,
          uniq_crazy_yiuf_cottage, uniq_joseph, uniq_menkaure
D:8:      layout_gridville, kb_lookout_dungeons_type, uniq_pikel
D:9:      hangedman_cross_cluster, layout_cave_pools, kiku_gazebo_garden_becter,
          zin_treasury, special_room [special_room_bee]
D:10:     layout_long_grid, uniq_nergalle
D:11:     layout_loops_corners, lair_entry_dummy, minmay_joined_circles
D:12:     layout_rooms, orc_0_dummy
D:13:     layout_basic, david_vaults_4, serial_shops,
          nicolae_shop_temple_entry_statues_fountains
D:14:     layout_rooms
D:15:     gammafunk_enter_depths_forms, layout_loops_corners, minivault_23,
          chequers_hall_statues_y, glass_columns_a, due_unseen_surprise
Lair:1:   layout_roguey, uniq_grum
Lair:2:   layout_roguey, minmay_shoals_entry_lonely_mermaid, gammafunk_ghost_icy
Lair:3:   layout_long_grid, spider_nest_entry_funnel_web,
          infiniplex_staircase_pool, uniq_gastronok
Lair:4:   layout_cave_shapes, grunt_megastairs_5, infiniplex_staircase_pool_2
Lair:5:   layout_cave_pods
Lair:6:   minmay_lair_end_frog_pond, layout_long_grid,
          minmay_slime_entry_oklob_open, enter_volcano_2, minivault_27,
          lemuel_fruit_fields, minmay_lair_oklob_chamber, uniq_sonja
Shoals:1: layout_shoals, nicolae_shoals_dead_sea_scrolls, uniq_jorgrun
Shoals:2: argonaut_golden_fleece, layout_shoals, serial_shops,
          nicolae_shop_stone, st_sunken_huts
Shoals:3: layout_shoals, minmay_shop_enchanted_jewellery,
          nicolae_shoals_isolated_beach
Shoals:4: shoals_end_simple, layout_shoals, shoal_ilsuiw
Spider:1: layout_spider_delve, portal_ice_cave_entry_dragon
Spider:2: layout_spider_delve
Spider:3: layout_spider_delve
Spider:4: guppyfry_spider_rune, uniq_agnes
Orc:1:    gammafunk_beogh_shrine, layout_diamond_mine
Orc:2:    grunt_orc_cross, layout_caves

Skill      XL: |  1  2  3  4  5  6  7  8  9 10 11 12 13 14 15 16 |
---------------+-------------------------------------------------+-----
Dodging        | 2 3 4 5 6 7 9 10 | 10.5
Spellcasting   | 3 4 5 6 8 |  8.3
Summonings     | 5 6 7 8 9 10 11 12 13 15 | 15.3
Ice Magic      | 3 5 7 8 9 6 |  6.3
Long Blades    | 2 4 6 8 9 |  9.2
Air Magic      | 2 4 7 8 |  8.8
Translocations | 3 7 9 12 14 | 14.4
Fighting       | 6 7 |  7.0
Shields        | 4 8 10 | 10.9
Stealth        | |  1.7

Action                   |  1- 3 |  4- 6 |  7- 9 | 10-12 | 13-15 | 16-18 || total
-------------------------+-------+-------+-------+-------+-------+-------++-------
Melee: Unarmed           |    29 |       |       |       |       |       ||    29
       Tailslap          |    10 |    13 |    23 |    23 |   129 |    51 ||   249
       Short sword       |    54 |    33 |       |       |       |       ||    87
       Spear             |       |   192 |   162 |       |       |       ||   354
       Katana            |       |       |   117 |   237 |   983 |   498 ||  1835
       Bite              |       |       |       |       |    82 |    43 ||   125
Throw: Throwing net      |       |       |     3 |       |       |       ||     3
 Cast: Summon Small Mamm |    32 |       |       |       |       |       ||    32
       Call Imp          |    10 |    61 |    25 |     1 |       |       ||    97
       Call Canine Famil |       |    13 |    40 |       |     2 |       ||    55
       Summon Ice Beast  |       |       |    19 |    38 |   202 |    64 ||   323
       Summon Lightning  |       |       |     2 |    53 |   166 |    50 ||   271
       Summon Forest     |       |       |       |       |    23 |     2 ||    25
       Malign Gateway    |       |       |       |       |     4 |    21 ||    25
Invok: Curse Item        |       |       |       |     3 |       |       ||     3
       Scrying           |       |       |       |     1 |     2 |     3 ||     6
       Transfer Knowledg |       |       |       |       |     1 |       ||     1
 Abil: Breathe Acid      |       |       |    11 |    12 |    20 |     8 ||    51
       Evoke Flight      |       |       |       |       |       |     2 ||     2
Evoke: Wand              |       |       |     1 |     8 |    46 |     2 ||    57
       Tin of tremorston |       |       |       |     2 |       |       ||     2
       Phial of floods   |       |       |       |       |     3 |       ||     3
       Lightning rod     |       |       |       |       |     6 |     6 ||    12
       Box of beasts     |       |       |       |       |       |     3 ||     3
  Use: Potion            |     4 |       |       |     1 |     8 |    11 ||    24
       Scroll            |       |     4 |     9 |    12 |    20 |     9 ||    54
 Stab: Sleeping          |     1 |       |     3 |     3 |     5 |     5 ||    17
       Distracted        |       |       |     4 |     4 |    21 |    12 ||    41
       Paralysed         |       |       |       |       |     1 |       ||     1
Armor: Skin              |    36 |    61 |    73 |    76 |   231 |   175 ||   652
Dodge: Dodged            |    64 |   128 |   172 |   122 |   629 |   676 ||  1791
       Repelled          |       |       |       |       |     3 |     3 ||     6
Block: Other             |       |       |    45 |    47 |   151 |       ||   243
       Reflection        |       |       |     5 |     5 |     6 |       ||    16
       Buckler           |       |       |       |       |    37 |   240 ||   277
       Rpst.: Katana     |       |       |    21 |    21 |   129 |   127 ||   298

Table legend: (Time is in decaauts)
 A = Elapsed time spent in this place.
 B = Non-inter-level travel time spent in this place.
 C = Inter-level travel time spent in this place.
 D = Time resting spent in this place.
 E = Time spent auto-exploring this place.
 F = Levels seen in this place.
 G = Mean time per level.
                   A        B        C        D        E       F      G
               +--------+--------+--------+--------+--------+-----+--------+
         Total |  52628 |  49561 |   3067 |  17883 |  20862 |  31 | 1697.7 |
       Dungeon |  23806 |  22199 |   1607 |   6744 |  11176 |  15 | 1587.1 |
          Lair |  14003 |  13137 |    866 |   5027 |   5914 |   6 | 2333.8 |
        Shoals |   7593 |   7425 |    168 |   3529 |    749 |   4 | 1898.2 |
   Spider Nest |   4620 |   4387 |    233 |   2083 |   1589 |   4 | 1155.0 |
  Orcish Mines |   2604 |   2412 |    192 |    499 |   1432 |   2 | 1302.0 |
               +--------+--------+--------+--------+--------+-----+--------+

Top non-repeatable levels by time:
  Lair:6: 3501 daAuts
  Lair:3: 3392 daAuts
  Lair:5: 2712 daAuts
    D:15: 2585 daAuts
Shoals:4: 2426 daAuts
  Lair:2: 2298 daAuts
Spider:2: 2181 daAuts
     D:3: 2080 daAuts
Shoals:1: 2013 daAuts
     D:9: 1980 daAuts
    D:11: 1878 daAuts
     D:7: 1820 daAuts
Shoals:3: 1702 daAuts
     D:2: 1612 daAuts
     D:5: 1574 daAuts
